AoeStats
← Savitar1678

Glade

510414660Analyzed
1v1 RM · 2d ago on Sep 30, 2026· 45m 58s· 2 players
Game mode
Random Map
Map size
Tiny (2 player)
Population
200
Speed
Normal
Resources
Standard
Victory
Conquest
Starting age
Dark Age
Ending age
Imperial Age
RankedLock teamsTeams togetherTeam positionsShared explorationLock speedFull tech treeHidden civsTurbo modeCheats
Victory
Defeat
🇦🇷 Armenians · Argentina
1081
+14
🇺🇸 Shu · United States
1047
-14
MALAJUNTA
7:05 Loom
9:54 Feudal Age
9:59 Man-at-Arms
11:25 Arson
18:20 Town Watch
18:18 Horse Collar
20:56 Castle Age
19:30 Double-Bit Axe
27:10 Wheelbarrow
27:05 Fortified Wall
31:01 Imperial Age
32:42 Chemistry
31:14 Long Swordsman
31:40 Gambesons
31:56 Squires
32:14 Hand Cart
32:01 Scale Mail Armor
32:07 Two-Handed Swordsman
33:46 Fletching
34:09 Capped Ram
35:24 Bodkin Arrow
36:51 Conscription
38:58 Chain Mail Armor
38:55 Forging
40:15 Plate Mail Armor
41:08 Champion
42:32 Iron Casting
Savitar1678
11:02 Feudal Age
17:35 Castle Age
15:39 Double-Bit Axe
25:31 Horse Collar
31:17 Imperial Age
29:33 Wheelbarrow
29:36 Masonry
29:23 Town Watch
29:25 Loom
29:23 Crossbowman
30:47 Fletching
30:58 Padded Archer Armor
32:12 Thumb Ring
33:43 Gold Mining
34:47 Bodkin Arrow
35:36 Hand Cart
35:51 Arbalester
37:47 Ballistics
38:00 Architecture
38:47 Bracer
39:32 Bow Saw
41:14 Leather Archer Armor
Connection lost

Rejoining the realm…

Still unreachable

The connection could not be restored.

Session expired

The server has moved on; the page needs a fresh start.